 Dungeon Sprint DCSS version 0.32-a0-42-ga30500b4d3 (webtiles) character file.

Game seed: 13766025192686708726

378 rocky1 the Toxicologist (level 6, -3/38 HPs)
             Began as a Deep Elf Alchemist on Jan 29, 2024.
             Was an Elder of Sif Muna.
             Slain by a flayed ghost (27 damage)
             ... in the Dungeon (Sprint VII: "The Pits").
             The game lasted 00:04:02 (1410 turns).

rocky1 the Toxicologist (Deep Elf Alchemist)        Turns: 1410, Time: 00:04:02

Health: -3/38      AC:  2    Str:  5    XL:     6   Next: 45%
Magic:  13/18      EV: 14    Int: 22    God:    Sif Muna [****..]
Gold:   0          SH:  0    Dex: 15    Spells: 12/20 levels left

rFire   . . .        l - +1 long sword (flame)
rCold   . . .        (no shield)
rNeg    . . .        a - +0 robe
rPois   .            (no helmet)
rElec   .            (no cloak)
rCorr   .            (no gloves)
SInv    .            (no boots)
Will    .....        (no amulet)
Stlth   +++          (no ring)
HPRegen 0.26/turn    (no ring)
MPRegen 0.16/turn

%: no teleportation
@: radiating poison
A: no striking features
a: Renounce Religion, Channel Magic, Forget Spell, Divine Exegesis


You were in the Dungeon.
You worshipped Sif Muna.
Sif Muna was greatly pleased with you.
You visited 1 branch

Inventory:

Hand Weapons
 l - a +1 long sword of flaming (weapon)
 n - a +2 falchion
Armour
 a - a +0 robe (worn)
Scrolls
 g - a scroll of blinking
 i - 2 scrolls of vulnerability
 j - 5 scrolls of amnesia
 k - a scroll of summoning
Potions
 b - 5 potions of magic
 c - 4 potions of curing
 d - 6 potions of heal wounds
 e - a potion of haste
 h - 2 potions of invisibility


   Skills:
 * Level 4.3 Fighting
 - Level 0.3 Long Blades
 + Level 5.8 Dodging
 + Level 5.8 Stealth
 + Level 7.7 Spellcasting
 + Level 2.7 Conjurations
 + Level 9.1 Alchemy
 * Level 5.9 Invocations


You had 12 spell levels left.
You knew the following spells:

 Your Spells              Type           Power      Damage    Failure   Level
a - Sting                 Conj/Alch      100%       1d9       1%          1
b - Olgreb's Toxic Radia  Alch           48%        N/A       1%          4
c - Mephitic Cloud        Conj/Alch/Air  25%        N/A       4%          3

Your spell library contained the following spells:

 Spells                   Type           Power      Damage    Failure   Level
 Mercury Vapours          Alch/Air       56%        N/A       1%          2
 Sticky Flame             Fire/Alch      28%        2d7       12%         4


Dungeon Overview and Level Annotations

Branches:
Dungeon (1/1)

Altars:
Ashenzari
Cheibriados
Dithmenos
Elyvilon
Fedhas
Gozag
Hepliaklqana
Kikubaaqudgha
Makhleb
Nemelex Xobeh
Okawaru
Qazlal
Ru
Sif Muna
Trog
Uskayaw
Vehumet
Wu Jian
Xom
Yredelemnul
Zin
The Shining One
Jiyva
Lugonu


Message History

Confirm with . or Enter, or press ? or * to list all spells.
You begin to radiate toxic energy.
The orc shouts!
The orc is poisoned.
The orc looks even sicker.
You kill the orc!
Sif Muna accepts your kill.
You can now call upon Sif Muna to cast any spell from your library.
Your toxic aura wanes.
Unknown command.
You start resting.
Magic restored.
You start waiting.
Done waiting.
You start waiting.
Done waiting.
Okay, then.
There is an open door here.
Things that are here:
a +0 trident; an orc skeleton You open the door.
A flayed ghost comes into view.
Unknown command.
Okay, then.
Casting: Olgreb's Toxic Radiance (dangerous; 1% risk of failure)
Confirm with . or Enter, or press ? or * to list all spells.
Okay, then.
Press: ? - help, v - describe, . - travel, g - get item
Items here: a +0 trident; an orc skeleton.
An open door.
Unknown command.
Casting: Olgreb's Toxic Radiance (dangerous; 1% risk of failure)
Confirm with . or Enter, or press ? or * to list all spells.
You begin to radiate toxic energy.
The flayed ghost hits you!
Aiming: Sting (safe; 1% risk of failure)
Press: ? - help, Q - select action, (/) - cycle Shift-Dir - straight line, f - flayed ghost
Aim: a flayed ghost (66% to hit)
The sting misses the flayed ghost.
The flayed ghost hits you!!
Ouch! That really hurt!
You die...

#.#..#[))).##.......#
#'###########.......#
#.).....# #########
#.###...# #.#.....#
#.#...#.#+#
#.....#.#.+
#...###.#W#
#.......@.#
###########


You could see a flayed ghost.

Vanquished Creatures
  An ogre (D)
  A phantom (D)
  2 weeping skulls (D)
  A gnoll (D)
  An adder skeleton (D)
  2 orcs (D)
  A bat zombie (D)
  A goblin (D)
  A hobgoblin (D)
  A ball python (D)
  A ball python skeleton (D)
  A jackal skeleton (D)
  A rat (D)
15 creatures vanquished.

Vanquished Creatures (others)
  A black bear (D)
1 creature vanquished.

Grand Total: 16 creatures vanquished

Notes
Turn   | Place    | Note
-------+----------+-------------------------------------------
     0 | D        | rocky1 the Deep Elf Alchemist began the quest for the Orb.
     0 | D        | Reached XP level 1. HP: 10/10 MP: 6/6
    56 | D        | Found a bloodstained altar of Trog.
    56 | D        | Found a shimmering blue altar of Sif Muna.
    56 | D        | Found a viscous altar of Jiyva.
    56 | D        | Found a hazy altar of Hepliaklqana.
    56 | D        | Found an opulent altar of Gozag.
    57 | D        | Found a glowing golden altar of the Shining One.
    57 | D        | Found a glowing silver altar of Zin.
    57 | D        | Found a basalt altar of Yredelemnul.
    57 | D        | Found a shimmering altar of Xom.
    57 | D        | Found an ornate altar of the Wu Jian Council.
    57 | D        | Found a sacrificial altar of Ru.
    57 | D        | Found a stormy altar of Qazlal.
    57 | D        | Found an iron altar of Okawaru.
    57 | D        | Found a sparkling altar of Nemelex Xobeh.
    57 | D        | Found a burning altar of Makhleb.
    57 | D        | Found a blossoming altar of Fedhas.
    57 | D        | Found a white marble altar of Elyvilon.
    57 | D        | Found a shadowy altar of Dithmenos.
    57 | D        | Found a snail-covered altar of Cheibriados.
    60 | D        | Found a corrupted altar of Lugonu.
    60 | D        | Found a radiant altar of Vehumet.
    61 | D        | Found an ancient bone altar of Kikubaaqudgha.
    61 | D        | Found a hide-covered altar of Uskayaw.
    61 | D        | Found a broken altar of Ashenzari.
    66 | D        | Became a worshipper of Sif Muna the Loreminder
    81 | D        | Reached skill level 4 in Alchemy
    99 | D        | Reached * piety under Sif Muna
   103 | D        | Reached skill level 5 in Alchemy
   103 | D        | Reached XP level 2. HP: 5/15 MP: 2/8
   561 | D        | Noticed a phantom
   564 | D        | Reached ** piety under Sif Muna
   572 | D        | Killed a phantom
   573 | D        | Reached skill level 5 in Spellcasting
   573 | D        | Reached skill level 6 in Alchemy
   573 | D        | Reached XP level 3. HP: 21/21 MP: 7/11
   573 | D        | Reached XP level 4. HP: 26/26 MP: 8/13
   605 | D        | Learned a level 4 spell: Olgreb's Toxic Radiance
   841 | D        | Noticed a black bear
   841 | D        | Noticed an ogre
   844 | D        | Noticed a weeping skull
   849 | D        | Killed a black bear
   850 | D        | Reached skill level 7 in Alchemy
   850 | D        | Reached XP level 5. HP: 32/32 MP: 8/15
   855 | D        | Killed an ogre
   856 | D        | Reached skill level 5 in Dodging
   856 | D        | Reached skill level 5 in Stealth
   856 | D        | Reached skill level 8 in Alchemy
   864 | D        | Reached *** piety under Sif Muna
   865 | D        | Reached skill level 5 in Invocations
   865 | D        | Reached XP level 6. HP: 35/38 MP: 10/18
   918 | D        | Learned a level 3 spell: Mephitic Cloud
  1024 | D        | Reached skill level 9 in Alchemy
  1181 | D        | Reached **** piety under Sif Muna
  1408 | D        | Noticed a flayed ghost
  1410 | D        | Slain by a flayed ghost

Illustrated notes

Levels and vault maps discovered:
D:        pitsprint [storerooms_1, entrance_room_1, metal_vault_3, armoury_1,
          mini_pit_1, grid_room_1, main_hall_1, silver_pit, the_coven_1,
          the_vestibule_1, steel_vault_1, golden_pit, hallway_of_sentries,
          crystal_vault_4, iron_vault_2, final_vault]

Skill      XL: |  1  2  3  4  5  6 |
---------------+-------------------+-----
Alchemy        | 5 6 7 8 9 |  9.1
Stealth        | 3 4 5 |  5.8
Dodging        | 3 4 5 |  5.8
Spellcasting   | 5 7 |  7.7
Fighting       | 2 3 4 |  4.3
Invocations    | 2 4 5 |  5.9
Conjurations   | 2 |  2.7
Long Blades    | |  0.3

Action                     |  1- 3 |  4- 6 || total
---------------------------+-------+-------++-------
  Melee: Falchion          |    10 |     5 ||    15
         Long sword        |       |    15 ||    15
         Punch             |       |     1 ||     1
   Cast: Sting             |     9 |     7 ||    16
         Olgreb's Toxic Ra |       |     3 ||     3
    Use: Potion            |     1 |     4 ||     5
 Armour: Robe              |     4 |    16 ||    20
  Dodge: Dodged            |    12 |    10 ||    22

Table legend: (Time is in decaauts)
 A = Elapsed time spent in this place.
 B = Non-inter-level travel time spent in this place.
 C = Inter-level travel time spent in this place.
 D = Time resting spent in this place.
 E = Time spent auto-exploring this place.
 F = Levels seen in this place.
 G = Mean time per level.
                   A        B        C        D        E       F      G
               +--------+--------+--------+--------+--------+-----+--------+
         Total |   1449 |   1426 |     23 |   1182 |      0 |   1 | 1449.0 |
       Dungeon |   1449 |   1426 |     23 |   1182 |      0 |   1 | 1449.0 |
               +--------+--------+--------+--------+--------+-----+--------+

Top non-repeatable levels by time:
       D: 1449 daAuts
